 Dungeon Crawl Stone Soup version 0.29-a0-334-gb41bcbb86e (webtiles) character file.

Game seed: 16093006931123426229

9 spaghetti the Insei (level 2, 20/21 HPs)
             Began as a Demonspawn Transmuter on Apr 15, 2022.
             Quit the game on level 1 of the Dungeon.
             The game lasted 00:00:30 (329 turns).

spaghetti the Insei (Demonspawn Transmuter)          Turns: 329, Time: 00:00:31

Health: 20/21      AC:  2    Str: 10    XL:     2   Next: 3%
Magic:  5/5        EV: 12    Int: 14    God:
Gold:   17         SH:  0    Dex: 13    Spells: 4/5 levels left

rFire   . . .      SeeInvis .   c - +0 short sword {short}
rCold   . . .      Faith    .   (no shield)
rNeg    . . .      Spirit   .   a - +0 robe
rPois   .          Reflect  .   (no helmet)
rElec   .          Harm     .   (no cloak)
rCorr   .          Rampage  .   (no gloves)
Will    .....                   (no boots)
Stlth   +.........              (no amulet)
HPRegen 0.07/turn               (no ring)
MPRegen 0.09/turn               (no ring)

@: no status effects
A: weakness stinger 1
a: no special abilities


You were on level 1 of the Dungeon.
You visited 1 branch of the dungeon, and saw 1 of its levels.

You collected 17 gold pieces.


Innate Abilities, Weirdness & Mutations

You have a small tail.


   Skills:
 - Level 1.0 Fighting
 - Level 1.7 Dodging
 + Level 3.2 Unarmed Combat
 - Level 2.0 Spellcasting
 - Level 1.7 Transmutations


You had 4 spell levels left.
You knew the following spells:

 Your Spells              Type           Power      Damage    Failure   Level
a - Beastly Appendage     Tmut           12%        N/A       12%         1

Your spell library contained the following spells:

 Spells                   Type           Power      Damage    Failure   Level
 Wereblood                Tmut           6%         N/A       17%         2
 Spider Form              Tmut/Pois      3%         N/A       45%         3
 Ice Form                 Ice/Tmut       3%         N/A       86%         4

Inventory:

Hand Weapons
 c - a +0 short sword (weapon) {short}
   (You took it off a kobold on level 1 of the Dungeon)
Missiles
 d - 4 stones {throwing}
Armour
 a - a +0 robe (worn)
Scrolls
 e - a scroll of teleportation {unknown}
 f - a scroll of fear {unknown}
Potions
 b - a potion of lignification {!q}

Dungeon Overview and Level Annotations

Branches:
Dungeon (1/15)

Altars:

#.# .# #.# ##.##. .###.#
#...#.# ...#.# #...#.#
#+## ...#.# #...#.#
#...# ...#.# #.###.#
#..... ...#.###.##..#
#......
...#.........####.......
................@.b.....
...#####.#...####......>
#..#........## #......
...#.###.##.# #.....
##.# #.##.# #..)# ...#
#.##.# #+## #### #..#.#
##.#.# .#.#


You could see a bat.


Message History

You hit the kobold.
You kill the kobold!
Your transformation is almost over.
Your horns disappear.
Your talons disappear.
c - a +0 short sword {short};
d - 4 stones {throwing} You see here a kobold corpse. 😎 HP[+5] MP[+1]
Your hp is fully restored (15).
Your mp is fully restored (3).
c - a +0 short sword (weapon)
{short}
Found an escape hatch in the floor.
You now have 17 gold pieces.
e - a scroll labelled LOUKLAW ALUNUS You open the door.
There is an open door here.
You open the door.
There is an open door here.
A jackal comes into view.
A jackal comes into view.
The helpless jackal fails to defend itself.
You puncture the jackal!
You kill the jackal!
The jackal bites you but does no damage.
Your Unarmed Combat skill increases to level 3!
You hit the jackal but do no damage. The jackal completely misses you.
The jackal bites you but does no damage.
You closely miss the jackal. The jackal barely misses you.
You barely miss the jackal. The jackal bites you.
The jackal misses you. 😕 HP[-1]
You take 1 damage, and now have 14/15 hp.
You hit the jackal. The jackal barely misses you.
The jackal bites you but does no damage.
You barely miss the jackal. The jackal barely misses you.
Unknown command.
You hit the jackal but do no damage.
The jackal bites you but does no damage.
The jackal bites you. 😕 HP[-2]
You take 2 damage, and now have 12/15 hp.
A jackal is nearby!
You hit the jackal.
You kill the jackal!
You see here a jackal corpse.
You see here a jackal corpse.
A ball python comes into view. 😎 HP[+3]
Your hp is fully restored (15).
A ball python is nearby!
A ball python is nearby!
A ball python is nearby!
The ball python bites you.
The ball python barely misses you. 😕 HP[-2]
You take 2 damage, and now have 13/15 hp.
You hit the ball python but do no damage.
The ball python misses you. x2
You closely miss the ball python. The ball python closely misses you.
The ball python grabs you. The ball python constricts you.
You hit the ball python but do no damage.
The ball python barely misses you. The ball python constricts you.
The ball python barely misses you.
The ball python constricts you. 😮 HP[-2]
You take 2 damage, and now have 11/15 hp.
You closely miss the ball python. The ball python closely misses you.
The ball python constricts you.
You closely miss the ball python. The ball python barely misses you.
The ball python constricts you. 😮 HP[-1]
You take 1 damage, and now have 10/15 hp.
You hit the ball python.
You kill the ball python!
Key pressed, stopping explore.
f - a scroll labelled RISSI HE PIRYC 😎 HP[+5]
Your hp is fully restored (15).
You open the door.
A bat and a hobgoblin come into view.
There are monsters nearby!
There are monsters nearby!
Found a stone staircase leading down.
There is an open door here.
The helpless hobgoblin fails to defend itself.
You hit the hobgoblin. The bat barely misses you.
The hobgoblin hits you but does no damage.
You hit the hobgoblin but do no damage. The bat hits you but does no damage.
The hobgoblin barely misses you. The bat hits you but does no damage.
You barely miss the hobgoblin. The bat barely misses you.
The hobgoblin closely misses you.
You closely miss the hobgoblin. The bat hits you but does no damage.
The hobgoblin barely misses you.
You hit the hobgoblin.
You kill the hobgoblin!
The bat hits you.
You have reached level 2!
Your demonic ancestry asserts itself...
You grow a small tail. 😕 HP[+5] MP[+2]
You now have 21 max hp (+6).
You regained 5 hp, and now have 20/21 hp.
Your mp is fully restored (5).
Are you sure you want to abandon this character and quit the game? (Confirm with "yes".)

Skill      XL: |  1 |
---------------+----+-----
Unarmed Combat | 3 |  3.2
Fighting       | |  1.0
Dodging        | |  1.7
Spellcasting   | |  2.0
Transmutations | |  1.7

Action                   || total
-------------------------++-------
Melee: Short sword       ||    19
       Unarmed           ||     5
       Kick              ||     1
       Headbutt          ||     1
       Punch             ||     1
 Cast: Beastly Appendage ||     1
 Stab: Sleeping          ||     2
Armor: Robe              ||    10
Dodge: Dodged            ||    21

Levels and vault maps discovered:
D:1:      lightli_arrival_statuegarden, layout_loops_corners,
          minmay_gold_behind_fungi

Notes
Turn   | Place    | Note
-------+----------+-------------------------------------------
     0 | D:1      | spaghetti the Demonspawn Transmuter began the quest for the
                  | Orb.
     0 | D:1      | Reached XP level 1. HP: 15/15 MP: 3/3
     0 | D:1      | magus.rc [v1.9.6]
   149 | D:1      | Reached skill level 3 in Unarmed Combat
   329 | D:1      | Gained mutation: You have a small tail. [demonic ancestry]
   329 | D:1      | Reached XP level 2. HP: 20/21 MP: 5/5
   329 | D:1      | Quit the game

Vanquished Creatures
  2 ball pythons (D:1)
  A hobgoblin (D:1)
  2 jackals (D:1)
  A kobold (D:1)
  A rat (D:1)
7 creatures vanquished.

Vanquished Creatures (others)
  4 toadstools (D:1)
4 creatures vanquished.

Grand Total: 11 creatures vanquished

Table legend:
 A = Non-vault XP
 B = Vault XP
 C = Vault XP percentage of total XP
 D = Non-vault monster count
 E = Vault monster count
 F = Vault count percentage of total count
                 A         B        C        D         E       F
            +---------+---------+-------+---------+---------+-------
      Total |      13 |       0 |   0.0 |       7 |       0 |   0.0
            +---------+---------+-------+---------+---------+-------
        D:1 |      13 |       0 |   0.0 |       7 |       0 |   0.0
            +---------+---------+-------+---------+---------+-------

Illustrated notes

Table legend:
 A = Kills in this place as a percentage of kills in entire the game.
 B = Kills by you in this place as a percentage of kills by you in the entire game.
 C = Kills by friends in this place as a percentage of kills by friends in the entire game.
 D = Other kills in this place as a percentage of other kills in the entire game.
 E = Experience gained in this place as a percentage of experience gained in the entire game.
 F = Experience gained in this place divided by the number of levels of this place that you have seen.
                   A       B       C       D       E      F
               +-------+-------+-------+-------+-------+----------------------
         Total | 100.0 | 100.0 |   N/A |   N/A | 100.0 |  13.0
       Dungeon | 100.0 | 100.0 |   N/A |   N/A | 100.0 |  13.0
               +-------+-------+-------+-------+-------+----------------------

Table legend: (Time is in decaauts)
 A = Elapsed time spent in this place.
 B = Non-inter-level travel time spent in this place.
 C = Inter-level travel time spent in this place.
 D = Time resting spent in this place.
 E = Time spent auto-exploring this place.
 F = Levels seen in this place.
 G = Mean time per level.
                   A        B        C        D        E       F      G
               +--------+--------+--------+--------+--------+-----+--------+
         Total |    330 |    330 |      0 |      0 |    278 |   1 |  330.0 |
       Dungeon |    330 |    330 |      0 |      0 |    278 |   1 |  330.0 |
               +--------+--------+--------+--------+--------+-----+--------+

Top non-repeatable levels by time:
     D:1: 330 daAuts
